 Dungeon Crawl Stone Soup version 0.29-a0-334-gb41bcbb86e (webtiles) character file.

Game seed: 15241225479400308097

9 spaghetti the Sneak (level 1, 6/18 HPs)
             Began as a Demigod Delver on Apr 13, 2022.
             Quit the game on level 6 of the Dungeon.
             The game lasted 00:00:17 (147 turns).

spaghetti the Sneak (Demigod Delver)                 Turns: 147, Time: 00:00:18

Health: 6/18       AC:  3    Str: 13    XL:     1   Next: 86%
Magic:  3/3        EV: 11    Int: 12    God:
Gold:   0          SH:  0    Dex: 15    Spells: 0/0 levels left

rFire   . . .      SeeInvis .   a - +0 falchion {long}
rCold   . . .      Faith    .   (no shield)
rNeg    . . .      Spirit   .   b - +0 leather armour
rPois   .          Reflect  .   (no helmet)
rElec   .          Harm     .   (no cloak)
rCorr   .          Rampage  .   (no gloves)
Will    .....                   (no boots)
Stlth   +++.......              (no amulet)
HPRegen 0.06/turn               (no ring)
MPRegen 0.08/turn               (no ring)

@: lethally poisoned (6 -> -22)
A: high MP 1, forlorn, divine attributes
a: no special abilities


You were on level 6 of the Dungeon.
You visited 1 branch of the dungeon, and saw 2 of its levels.


Innate Abilities, Weirdness & Mutations

You have an increased reservoir of magic. (+10% MP)
You shall have no god before yourself.
Your divine heritage dramatically boosts your attributes as you level up.


   Skills:
 - Level 2.6 Fighting
 - Level 1.7 Long Blades
 - Level 1.7 Dodging
 + Level 5.0 Stealth


You couldn't memorise any spells.
You didn't know any spells.
Your spell library was empty.

Inventory:

Hand Weapons
 a - a +0 falchion (weapon) {long}
Missiles
 h - 16 stones (quivered) {throwing}
Armour
 b - a +0 leather armour (worn)
Wands
 g - a wand of digging (3)
Scrolls
 c - a scroll of fog
 d - a scroll of magic mapping {!r}
 e - a scroll of fear
Potions
 f - a potion of haste {@q3}

Dungeon Overview and Level Annotations

Branches:
Dungeon (6/15)
 Temple: D:4-7

# . .#
#####.#####
######
#s..$......#
.....#
#@.........#
...#.#
+..........#
##.#.#
#..........#
.#.#.#
#..........#
.#.#.#
#..........#
##.#.#
#..........#
...#.#
#..........#
####.#
####'##+####
#.# #.#


You could see a scorpion.


Message History

🤖 Initializing magus.rc ...
Options error: Delay interrupt name "hungry" not recognised. (~/.crawlrc:4761) Options error: Bad monster_list_colour key: strict_neutral (~/.crawlrc:4776) ✅ Successfully initialized magus.rc [v1.9.6] Welcome, spaghetti the Demigod Delver.
Everyone else who sought the Orb of Zot has failed.
Will you be different?
Press ? for a list of commands and other information.
Found a stone staircase leading down.
There is a stone staircase leading down here.
Found a stone staircase leading up.
Found an escape hatch in the ceiling.
An adder comes into view.
An adder is nearby!
The adder hisses angrily.
You slash the adder! The adder bites you. The adder misses you. 😕 HP[-2]
You take 2 damage, and now have 16/18 hp.
You are too injured to fight recklessly!
You are too injured to fight recklessly!
You are too injured to fight recklessly!
You are too injured to fight recklessly!
You are too injured to fight recklessly!
You are too injured to fight recklessly!
You are too injured to fight recklessly!
You are too injured to fight recklessly!
You are too injured to fight recklessly!
You are too injured to fight recklessly!
An adder is nearby!
You hit the adder.
You kill the adder!
Your Stealth skill increases to level 5!
There is a stone staircase leading down here.
You climb downwards.
There is a stone staircase leading up here.
Unknown command.
Unknown command.
h - 16 stones {throwing} Key pressed, stopping explore.
Key pressed, stopping explore.
You see here a +0 scale mail.
Key pressed, stopping explore.
You open the door.
There is an open door here.
A scorpion comes into view. 😎 HP[+2]
Your hp is fully restored (18).
The helpless scorpion fails to defend itself.
You hit the scorpion but do no damage.
The scorpion stings you but does no damage.
The scorpion barely misses you.
You barely miss the scorpion. The scorpion stings you. 😕 HP[-1]
You take 1 damage, and now have 17/18 hp.
You barely miss the scorpion. The scorpion closely misses you.
You closely miss the scorpion. The scorpion stings you.
You are lethally poisoned!
The scorpion poisons you! The scorpion stings you.
* * * LOW HITPOINT WARNING * * *
You are more poisoned.
The scorpion poisons you! 😨 HP[-11]
You take 11 damage, and now have 6/18 hp.
MASSIVE DAMAGE!! (PAUSE)
Okay, then.
Are you sure you want to abandon this character and quit the game? (Confirm with "yes".)

Skill      XL: |  1 |
---------------+----+-----
Stealth        | 5 |  5.0
Fighting       | |  2.6
Long Blades    | |  1.7
Dodging        | |  1.7

Action                   || total
-------------------------++-------
Melee: Falchion          ||     6
 Stab: Sleeping          ||     1
Armor: Leather armour    ||     1
Dodge: Dodged            ||     3

Levels and vault maps discovered:
D:5:      layout_rooms, lemuel_zombie_altar_kikubaaqudgha
D:6:      lemuel_insect_pit, layout_basic, uniq_menkaure, uniq_blork_the_orc

Notes
Turn   | Place    | Note
-------+----------+-------------------------------------------
     0 | D:5      | spaghetti the Demigod Delver began the quest for the Orb.
     0 | D:5      | Reached XP level 1. HP: 18/18 MP: 3/3
     0 | D:5      | magus.rc [v1.9.6]
    19 | D:5      | Reached skill level 5 in Stealth
   136 | D:6      | Noticed a scorpion
   147 | D:6      | Quit the game

Vanquished Creatures
  An adder (D:5)
1 creature vanquished.

Table legend:
 A = Non-vault XP
 B = Vault XP
 C = Vault XP percentage of total XP
 D = Non-vault monster count
 E = Vault monster count
 F = Vault count percentage of total count
                 A         B        C        D         E       F
            +---------+---------+-------+---------+---------+-------
      Total |      13 |       0 |   0.0 |       1 |       0 |   0.0
            +---------+---------+-------+---------+---------+-------
        D:5 |      13 |       0 |   0.0 |       1 |       0 |   0.0
            +---------+---------+-------+---------+---------+-------

Illustrated notes

Table legend:
 A = Kills in this place as a percentage of kills in entire the game.
 B = Kills by you in this place as a percentage of kills by you in the entire game.
 C = Kills by friends in this place as a percentage of kills by friends in the entire game.
 D = Other kills in this place as a percentage of other kills in the entire game.
 E = Experience gained in this place as a percentage of experience gained in the entire game.
 F = Experience gained in this place divided by the number of levels of this place that you have seen.
                   A       B       C       D       E      F
               +-------+-------+-------+-------+-------+----------------------
         Total | 100.0 | 100.0 |   N/A |   N/A | 100.0 |   6.5
       Dungeon | 100.0 | 100.0 |   N/A |   N/A | 100.0 |   6.5
               +-------+-------+-------+-------+-------+----------------------

Table legend: (Time is in decaauts)
 A = Elapsed time spent in this place.
 B = Non-inter-level travel time spent in this place.
 C = Inter-level travel time spent in this place.
 D = Time resting spent in this place.
 E = Time spent auto-exploring this place.
 F = Levels seen in this place.
 G = Mean time per level.
                   A        B        C        D        E       F      G
               +--------+--------+--------+--------+--------+-----+--------+
         Total |    148 |    139 |      9 |      0 |    118 |   2 |   74.0 |
       Dungeon |    148 |    139 |      9 |      0 |    118 |   2 |   74.0 |
               +--------+--------+--------+--------+--------+-----+--------+

Top non-repeatable levels by time:
     D:6: 118 daAuts
     D:5: 29 daAuts
